 Dungeon Crawl Stone Soup version 0.29-a0-222-g5b244fca1f (webtiles) character file.

Game seed: 1933026364231882039

15584 Ajdolov the Thrower (level 12, -4/118 HPs)
             Began as a Troll Monk on Feb 27, 2022.
             Slain by a ten-headed hydra (13 damage)
             ... on level 9 of the Dungeon.
             The game lasted 00:26:21 (10445 turns).

Ajdolov the Thrower (Troll Monk)                   Turns: 10445, Time: 00:26:21

Health: -4/118     AC: 11    Str: 26    XL:     12   Next: 2%
Magic:  11/11      EV: 10    Int:  6    God:
Gold:   817        SH:  0    Dex: 12    Spells: 11/11 levels left

rFire   . . .      SeeInvis .     - Unarmed
rCold   . . .      Faith    .   (no shield)
rNeg    . . .      Spirit   .   I - +0 troll leather armour
rPois   +          Reflect  .   (helmet restricted)
rElec   .          Harm     .   y - +0 cloak
rCorr   .          Rampage  .   (gloves unavailable)
Will    .....                   (boots unavailable)
Stlth   +.........              h - amulet of the acrobat
HPRegen 1.89/turn               s - ring of poison resistance
MPRegen 0.12/turn               a - +4 ring of protection

@: no status effects
A: large, unfitting armour, claws 3, regeneration 1, shaggy fur 1, tough skin 1
a: no special abilities


You were on level 9 of the Dungeon.
You visited 2 branches of the dungeon, and saw 12 of its levels.

You collected 817 gold pieces.

Inventory:

Missiles
 b - 9 javelins (quivered)
 f - 27 poisoned darts
 B - 6 boomerangs
 E - 5 datura-tipped darts
 F - a curare-tipped dart
Armour
 w - a +2 robe of fire resistance
 y - a +0 cloak (worn)
 I - a +0 troll leather armour (worn)
Jewellery
 a - a +4 ring of protection (right claw)
 h - an amulet of the acrobat (around neck)
 s - a ring of poison resistance (left claw)
 J - a ring of protection from fire
Wands
 j - a wand of mindburst (9)
 u - a wand of charming (7)
 A - a wand of digging (7)
 D - a wand of polymorph (12)
 G - a wand of iceblast (9)
 H - a wand of acid (4)
Scrolls
 c - 5 scrolls of enchant weapon
 e - 4 scrolls of immolation {unknown}
 k - 4 scrolls of amnesia
 l - a scroll of summoning {unknown}
 o - 2 scrolls of vulnerability {unknown}
 q - a scroll of holy word {unknown}
 r - 2 scrolls of enchant armour {unknown}
 t - 2 scrolls of blinking {unknown}
 x - a scroll of silence {unknown}
 C - a scroll of fog {unknown}
 M - a scroll of magic mapping {unknown}
Potions
 d - 2 potions of mutation
 g - 4 potions of curing
 i - a potion of flight {unknown}
 m - a potion of berserk rage {unknown}
 n - 3 potions of cancellation
 p - 2 potions of attraction
 v - 2 potions of heal wounds
 z - 2 potions of might {unknown}
 L - a potion of degeneration {unknown}


   Skills:
 - Level 7.5 Fighting
 - Level 12.0 Throwing
 + Level 4.0 Dodging
 - Level 1.0 Stealth
 * Level 12.0 Unarmed Combat


You had 11 spell levels left.
You didn't know any spells.
Your spell library contained the following spells:

 Spells                   Type           Power      Damage    Failure   Level
 Animate Skeleton         Necr           0%         N/A       50%         1
 Beastly Appendage        Tmut           0%         N/A       50%         1
 Freeze                   Ice            0%         1d3       50%         1
 Pain                     Necr           0%         1d4       50%         1
 Wereblood                Tmut           0%         N/A       65%         2
 Conjure Flame            Conj/Fire      0%         6-21      86%         3
 Frozen Ramparts          Ice            0%         1d2       86%         3
 Gell's Gravitas          Tloc           0%         N/A       86%         3
 Ignite Poison            Fire/Tmut/Pois 0%         N/A       86%         3
 Spider Form              Tmut/Pois      0%         N/A       86%         3
 Teleport Other           Tloc           0%         N/A       86%         3
 Vampiric Draining        Necr           0%         2d6       86%         3
 Animate Armour           Summ/Erth      0%         N/A       99%         4
 Hailstorm                Conj/Ice       0%         3d3       99%         4
 Sticky Flame             Conj/Fire      0%         2d3       99%         4
 Blade Hands              Tmut           0%         N/A       100%        5
 Dispersal                Tloc           0%         N/A       100%        6
 Iron Shot                Conj/Erth      0%         9d1       100%        6


Dungeon Overview and Level Annotations

Branches:
Dungeon (11/15)            Temple (1/1) D:6            Lair (0/6) D:9
    Orc (0/2) D:10

Altars:
Ashenzari
Cheibriados
Dithmenos
Elyvilon
Fedhas
Gozag
Hepliaklqana
Kikubaaqudgha
Makhleb
Nemelex Xobeh
Okawaru
Qazlal
Ru
Sif Muna
Trog
Uskayaw
Vehumet
Wu Jian
Xom
Yredelemnul
Zin
The Shining One
Beogh

Shops:
D:1 [   D:3 (   D:7 (   D:10 (

Annotations:
D:3 3 runed translucent doors, StormphoenixUK's ghost, weakling OgBe
D:6 Maggie
D:9 exclusion: hydra


Innate Abilities, Weirdness & Mutations

You are too large for most types of armour.
You have claws for hands.
Your natural rate of healing is unusually fast.
You are covered in fur. (AC +1)
You have tough skin. (AC +1)


Message History

The eight-headed hydra bites you but does no damage.
The eight-headed hydra bites you.
You rip one of the eight-headed hydra's heads off!
The seven-headed hydra grows two more!
You claw the nine-headed hydra!
The nine-headed hydra is moderately wounded.
The nine-headed hydra bites you! The nine-headed hydra bites you. x2
The nine-headed hydra bites you but does no damage. x3
The nine-headed hydra bites you!
The nine-headed hydra closely misses you.
The nine-headed hydra bites you!
You claw one of the nine-headed hydra's heads off!
The eight-headed hydra grows two more!
You mangle the ten-headed hydra!! You claw the ten-headed hydra!
The ten-headed hydra is severely wounded.
The ten-headed hydra barely misses you.
The ten-headed hydra bites you but does no damage.
The ten-headed hydra bites you!
* * * LOW HITPOINT WARNING * * *
The ten-headed hydra closely misses you.
The ten-headed hydra bites you but does no damage.
The ten-headed hydra bites you.
* * * LOW HITPOINT WARNING * * *
The ten-headed hydra bites you.
* * * LOW HITPOINT WARNING * * *
The ten-headed hydra bites you but does no damage.
The ten-headed hydra bites you.
* * * LOW HITPOINT WARNING * * *
The ten-headed hydra bites you.
* * * LOW HITPOINT WARNING * * *
You feel much better. The ten-headed hydra bites you!
The ten-headed hydra barely misses you. The ten-headed hydra bites you!
* * * LOW HITPOINT WARNING * * *
The ten-headed hydra barely misses you. The ten-headed hydra bites you.
* * * LOW HITPOINT WARNING * * *
The ten-headed hydra bites you!
* * * LOW HITPOINT WARNING * * *
The ten-headed hydra bites you.
* * * LOW HITPOINT WARNING * * *
The ten-headed hydra bites you!
You die...

#.#.# ####.###.# #.#.#
#.# #.#
##+#.######.###.####
##...........(......#
##.....#######.#####.#
##.......## ##.# #.#
##.........####..# #.#
.+.........'.....# #<#
##.........####.@#####.#
##.......## ##.D.....#
##.....## #..C..###
##...## ####(## ##'##
#.# #.# .#( ##.###### .#
## #...)...# #. #
##...###.# #


You could see a ten-headed hydra and a cyclops.

Vanquished Creatures
  A minotaur (shapeshifter) (D:10)
  A hydra (D:11)
  3 death yaks
  2 two-headed ogres
  Pikel (D:5)
  A cyclops (D:11)
  3 trolls
  Grinder (D:5)
  A wraith (D:10)
  2 vampires
  Grum (D:9)
  11 yaks (D:11)
  Eustachio (D:6)
  A steam dragon (D:8)
  7 vampire mosquitoes
  Menkaure (D:5)
  2 water moccasins
  5 sky beasts
  5 orc warriors
  5 black bears
  2 necrophages (D:6)
  3 wolves
  5 centaurs
  3 ogres
  A lemure (D:5)
  3 bullfrogs
  4 kobold brigands
  Blork the orc (D:4)
  3 gnoll sergeants
  5 scorpions
  20 killer bees
  5 wights
  4 howler monkeys
  An electric eel (D:9)
  3 jellies
  11 orc priests
  3 hounds
  2 gnoll shamans
  3 iguanas (D:6)
  10 orc wizards
  Natasha (thrice) (D:2)
  2 hell rats (D:9)
  17 gnolls
  9 adders
  A shadow imp (D:5)
  3 white imps
  An ufetubus (D:6)
  2 worms (D:2)
  3 dart slugs
  37 orcs
  4 endoplasms
  5 giant cockroaches
  8 hobgoblins
  5 jackals
  3 quokkas
  8 ball pythons
  5 bats
  6 frilled lizards
  6 goblins
  23 kobolds
  6 rats
304 creatures vanquished.

Vanquished Creatures (others)
  4 fungi (D:2)
  6 plants (D:2)
10 creatures vanquished.

Grand Total: 314 creatures vanquished

Notes
Turn   | Place    | Note
-------+----------+-------------------------------------------
     0 | D:1      | Ajdolov the Troll Monk began the quest for the Orb.
     0 | D:1      | Reached XP level 1. HP: 22/22 MP: 0/0
   193 | D:1      | Reached XP level 2. HP: 29/29 MP: 1/1
   382 | D:1      | Reached XP level 3. HP: 36/36 MP: 2/2
   657 | D:1      | Found Ehypnut's Armour Shop.
  1097 | D:2      | Found a faded altar of an unknown god.
  1102 | D:2      | Reached XP level 4. HP: 40/44 MP: 3/3
  1128 | D:2      | Reached skill level 5 in Unarmed Combat
  1284 | D:2      | Noticed Natasha
  1294 | D:2      | Killed Natasha
  1453 | D:2      | Noticed Natasha
  1460 | D:2      | Killed Natasha
  1482 | D:2      | Noticed Natasha
  1489 | D:2      | Killed Natasha
  1490 | D:2      | Reached XP level 5. HP: 50/50 MP: 4/4
  1552 | D:3      | Noticed a water moccasin
  1563 | D:3      | Killed a water moccasin
  1651 | D:3      | Found Wessape's Antique Weapon Shoppe.
  1668 | D:3      | Reached XP level 6. HP: 59/59 MP: 5/5
  2106 | D:3      | Found a runed translucent gate.
  2106 | D:3      | Found a runed translucent gate.
  2106 | D:3      | Found a runed translucent gate.
  2270 | D:3      | Noticed StormphoenixUK's ghost (weakling OgBe)
  2472 | D:4      | Reached skill level 1 in Throwing
  2506 | D:4      | Found a basalt altar of Yredelemnul.
  2652 | D:4      | Reached XP level 7. HP: 66/66 MP: 6/6
  2760 | D:4      | Noticed Blork the orc
  2776 | D:4      | Killed Blork the orc
  3027 | D:5      | Entered Level 5 of the Dungeon
  3227 | D:5      | Found a broken altar of Ashenzari.
  3320 | D:5      | Found a white marble altar of Elyvilon.
  3320 | D:5      | Found an ornate altar of the Wu Jian Council.
  3376 | D:5      | Noticed Pikel
  3386 | D:5      | Killed Pikel
  3387 | D:5      | Reached XP level 8. HP: 67/74 MP: 7/7
  3451 | D:5      | Noticed Grinder
  3457 | D:5      | Paralysed by Grinder for 2 turns
  3462 | D:5      | Killed Grinder
  3463 | D:5      | Reached skill level 10 in Unarmed Combat
  3567 | D:5      | Noticed Menkaure
  3574 | D:5      | Killed Menkaure
  4055 | D:6      | Noticed Maggie
  4094 | D:6      | Reached skill level 5 in Throwing
  4094 | D:6      | Reached XP level 9. HP: 66/80 MP: 8/8
  4137 | D:6      | Noticed a two-headed ogre
  4149 | D:6      | Killed a two-headed ogre
  4413 | D:6      | Found a staircase to the Ecumenical Temple.
  4425 | Temple   | Entered the Ecumenical Temple
  4623 | D:6      | You fall into a shaft and drop 2 floors!
  4810 | D:7      | Reached XP level 10. HP: 91/94 MP: 9/9
  5110 | D:6      | Reached skill level 5 in Fighting
  5130 | D:6      | Noticed Eustachio
  5160 | D:6      | Killed Eustachio
  5579 | D:7      | Found Jyokom's Weapon Emporium.
  5984 | D:7      | Found an ancient bone altar of Kikubaaqudgha.
  6017 | D:7      | Found a hazy altar of Hepliaklqana.
  6913 | D:9      | Noticed a six-headed hydra
  6952 | D:9      | Noticed Grum
  6992 | D:9      | Killed Grum
  7025 | D:9      | Noticed a death yak
  7025 | D:9      | Noticed a death yak
  7045 | D:9      | Noticed a death yak
  7104 | D:8      | Killed a death yak
  7105 | D:8      | Reached skill level 10 in Throwing
  7206 | D:9      | Found a staircase to the Lair.
  7270 | D:8      | Killed a death yak
  7305 | D:9      | Killed a death yak
  7306 | D:9      | Reached XP level 11. HP: 94/107 MP: 10/10
  7346 | D:9      | Noticed a two-headed ogre
  7365 | D:9      | Killed a two-headed ogre
  8317 | D:10     | Entered Level 10 of the Dungeon
  8386 | D:10     | Found Itsap's Antique Weapon Shop.
  8883 | D:10     | Found a staircase to the Orcish Mines.
  8942 | D:10     | Noticed a minotaur
  8956 | D:10     | Killed a minotaur
  9606 | D:11     | Noticed a four-headed hydra
  9614 | D:11     | Killed a five-headed hydra
 10259 | D:11     | Reached XP level 12. HP: 95/118 MP: 11/11
 10445 | D:9      | Slain by a ten-headed hydra

Illustrated notes

Levels and vault maps discovered:
D:1:      lightli_arrival_maybe_door_vault, layout_basic, serial_shops, shop
D:2:      layout_basic, shapermc_ecumenical_altar_mp_urbaneastern, uniq_natasha
D:3:      layout_loops_ring, gammafunk_ghost_icy, serial_shops, shop_statue,
          kennysheep_orc_chapel
D:4:      layout_basic, mainiacjoe_overflow_chevrons, uniq_blork_the_orc
D:5:      minmay_chambers_of_fours, layout_basic,
          mainiacjoe_overflow_divided_tiny, ashenzari_conservatory_becter,
          uniq_grinder, uniq_menkaure, uniq_pikel
D:6:      layout_rooms, temple_green, serial_corexii_hall,
          corexii_hall_statues_t, chequers_hall_statues_y,
          minmay_alternating_orb, uniq_eustachio, uniq_maggie
D:7:      layout_gridville, grunt_temple_overflow_open, serial_shops, shop,
          eino_small_chamber_without_monster
D:8:      layout_loops_ring, minmay_misc_feat_rugged, minmay_misc_feat_enclosed,
          kennysheep_generic_room_12
D:9:      minmay_cornered_nines, layout_loops_corners, dpeg_lair_monsters,
          kennysheep_cross_bottleneck, uniq_grum
D:10:     layout_gridville, david_orc_2, serial_shops, shop_statue
D:11:     layout_long_grid
Temple:   eino_temple_scatter_basement

Skill      XL: |  1  2  3  4  5  6  7  8  9 10 11 12 |
---------------+-------------------------------------+-----
Unarmed Combat | 4 5 6 7 9 10 11 12 | 12.0
Throwing       | 1 3 5 8 10 12 | 12.0
Fighting       | 4 6 7 |  7.5
Dodging        | 3 4 |  4.0
Stealth        | |  1.0

Action                   |  1- 3 |  4- 6 |  7- 9 | 10-12 || total
-------------------------+-------+-------+-------+-------++-------
Melee: Unarmed           |   118 |   112 |   200 |   497 ||   927
       Punch             |       |     3 |    16 |    30 ||    49
Throw: Javelin           |       |     2 |    11 |     9 ||    22
       Large rock        |       |       |       |     6 ||     6
       Dart              |       |       |       |     1 ||     1
       Throwing net      |       |       |       |     1 ||     1
Evoke: Wand              |       |       |     1 |       ||     1
  Use: Scroll            |       |       |       |     7 ||     7
       Potion            |       |       |       |     1 ||     1
 Stab: Sleeping          |     1 |     1 |     4 |     1 ||     7
Armor: Robe              |    36 |    23 |    59 |   107 ||   225
       Troll leather arm |       |       |       |    94 ||    94
Dodge: Dodged            |    51 |    55 |    83 |   302 ||   491

Table legend: (Time is in decaauts)
 A = Elapsed time spent in this place.
 B = Non-inter-level travel time spent in this place.
 C = Inter-level travel time spent in this place.
 D = Time resting spent in this place.
 E = Time spent auto-exploring this place.
 F = Levels seen in this place.
 G = Mean time per level.
                   A        B        C        D        E       F      G
               +--------+--------+--------+--------+--------+-----+--------+
         Total |  10323 |   9687 |    636 |    258 |   6518 |  12 |  860.2 |
       Dungeon |  10156 |   9533 |    623 |    258 |   6380 |  11 |  923.3 |
        Temple |    167 |    154 |     13 |      0 |    138 |   1 |  167.0 |
               +--------+--------+--------+--------+--------+-----+--------+

Top non-repeatable levels by time:
     D:9: 1281 daAuts
     D:7: 1098 daAuts
     D:5: 1068 daAuts
    D:10: 1043 daAuts
     D:8: 946 daAuts
    D:11: 930 daAuts
     D:3: 817 daAuts
     D:2: 771 daAuts
     D:6: 765 daAuts
     D:1: 731 daAuts
     D:4: 700 daAuts
  Temple: 167 daAuts
